 Dungeon Crawl Stone Soup version 0.32-a0-931-g5a2cda0630 (webtiles) character file.

Game seed: 4909736206335739611

418 nel the Grave Robber (level 6, -1/41 HPs)
             Began as a Demonspawn Necromancer on Apr 13, 2024.
             Killed from afar by Natasha (9 damage)
             ... with a puff of flame
             ... on level 4 of the Dungeon on Apr 15, 2024.
             The game lasted 00:11:23 (3175 turns).

nel the Grave Robber (Demonspawn Necromancer)       Turns: 3175, Time: 00:11:26

Health: -1/41      AC:  3    Str:  9    XL:     6   Next: 61%
Magic:  1/9        EV: 11    Int: 17    God:
Gold:   150        SH:  0    Dex: 13    Spells: 5/9 levels left

rFire   . . .        g - +2 dagger (drain)
rCold   . . .        (no shield)
rNeg    . . .        o - +0 leather armour
rPois   .            x - +0 hat
rElec   .            (no cloak)
rCorr   .            (no gloves)
SInv    .            (no boots)
Will    .....        (no amulet)
Stlth   ++           (no ring)
HPRegen 0.26/turn    (no ring)
MPRegen 0.11/turn

%: no passive effects
@: no status effects
A: antennae 1, foul stench 1, condensation shield
a: no special abilities


You were on level 4 of the Dungeon.
You visited 1 branch of the dungeon, and saw 4 of its levels.

You collected 150 gold pieces.

Inventory:

Hand Weapons
 e - a +0 short sword
 g - a +2 dagger of draining (weapon)
 m - a +2 whip of electrocution
Missiles
 n - 15 poisoned darts
Armour
 a - a +0 robe
 d - a +0 helmet
 o - a +0 leather armour (worn)
 r - a +0 helmet
 u - an orb of light
 x - a +0 hat (worn)
Talismans
 p - a maw talisman
Scrolls
 c - a scroll of poison {unknown}
 f - 3 scrolls of identify {unknown}
 h - 3 scrolls of teleportation {unknown}
 j - a scroll of fog {unknown}
 q - a scroll of immolation {unknown}
 t - a scroll of silence {unknown}
 v - a scroll of noise {unknown}
 w - a scroll of enchant armour {unknown}
 y - a scroll of amnesia {unknown}
Potions
 b - a potion of magic
 i - 2 potions of enlightenment {unknown}
 k - 2 potions of might {unknown}
 l - a potion of brilliance {unknown}
 s - 2 potions of haste {unknown}
 z - a potion of mutation {unknown}


   Skills:
 + Level 3.9 Dodging
 - Level 2.0 Stealth
 - Level 2.0 Spellcasting
 * Level 7.6 Necromancy


You had 5 spell levels left.
You knew the following spells:

 Your Spells              Type           Power      Damage    Failure   Level
a - Necrotise             Necr           100%       1d9       1%          1
b - Vampiric Draining     Necr           27%        2d7       3%          3

Your spell library contained the following spells:

 Spells                   Type           Power      Damage    Failure   Level
 Animate Dead             Necr           27%        N/A       12%         4
 Curse of Agony           Necr           27%        N/A       32%         5
 Summon Ice Beast         Ice/Summ       1%         N/A       63%         3
 Summon Mana Viper        Hex/Summ       1%         N/A       100%        5
 Monstrous Menagerie      Summ           0%         N/A       100%        7


Dungeon Overview and Level Annotations

Branches:
Dungeon (4/15)
 Temple: D:4-7

Altars:
Nemelex Xobeh

Annotations:
D:4 Natasha


Innate Abilities, Weirdness & Mutations

You have a pair of small antennae on your head.
You may rarely emit foul miasma when damaged in melee.
A meltable shield of frost defends you. (SH +0)


Message History

The orc barely resists.
Unknown command.
You start resting.
You sense a monster nearby.
You completely miss the orc. The orc barely misses you.
You hit the orc. You drain the orc.
The orc is heavily wounded.
Natasha, Servant of Life and Death comes into view.
She is carrying a wand of flame.
The orc hits you with a +0 hand axe.
The orc priest mumbles some strange prayers to Beogh against you.
Beogh smites you!
Natasha hisses angrily.
The orc priest shouts, "Surrender to Beogh and we'll let you live!" (press Y on the ability menu to convert to Beogh)
You hit the orc.
You kill the orc!
The orc priest shouts, "Beogh offers mercy even to people such as you.
Join us and be reborn!"
You hit the orc priest. You drain the orc priest.
The orc priest is heavily wounded.
The orc priest mumbles some strange prayers to Beogh against you.
Beogh smites you!
* * * LOW HITPOINT WARNING * * *
Casting: Necrotise (safe; 1% risk of failure)
Confirm with . or Enter, or press ? or * to list all spells.
Aiming: Vampiric Draining (dangerous; 3% risk of failure)
Press: ? - help, Shift-Dir - straight line, f - orc priest
Aim: an orc priest, wielding a +0 falchion and wearing a +0 leather armour (heavily wounded, heavily drained)
The orc priest shouts, "Surrender to Beogh and we'll let you live!"
You draw life force from the orc priest!
You kill the orc priest!
You feel life coursing into your body.
Casting: Vampiric Draining (dangerous; 3% risk of failure)
Confirm with . or Enter, or press ? or * to list all spells.
Aiming: Necrotise (safe; 1% risk of failure)
Press: ? - help, Shift-Dir - straight line, f - Natasha
Aim: Natasha, carrying a wand of flame (chance to affect: 83%) Natasha writhes in agony.
Natasha zaps a wand.
The puff of flame hits you!
Your condensation shield dissipates!
You die...
Natasha curls up and begins to purr.

#.##......#...##....
###.##.#........##..
....................
##..##.##.##....##.#
#.#....##.####.# #)#
##...........#.# #h#
##...#.<...|...# #.#
##...####.##.#####h#
.....# #.......@..#
.....# ####.#######
####.# #.# # #.# #.#
# #.# #.# # .. ... #
###


You could see Natasha.

Vanquished Creatures
  A bombardier beetle (D:3)
  A jelly (D:4)
  3 orc priests (D:4)
  3 iguanas
  Jessica (D:3)
  Natasha (D:4)
  4 gnolls (D:4)
  An adder (D:3)
  A ribbon worm (D:3)
  A dart slug (D:1)
  6 orcs (D:4)
  9 bats
  3 endoplasms
  2 giant cockroaches
  10 goblins
  5 hobgoblins
  6 jackals (D:3)
  9 kobolds
  7 frilled lizards
  A jackal skeleton (D:3)
  3 rats
78 creatures vanquished.

Vanquished Creatures (collateral kills)
  A ribbon worm (D:3)
  A frilled lizard (D:3)
  2 rats (D:3)
4 creatures vanquished.

Grand Total: 82 creatures vanquished

Notes
Turn   | Place    | Note
-------+----------+-------------------------------------------
     0 | D:1      | nel the Demonspawn Necromancer began the quest for the Orb.
     0 | D:1      | Reached XP level 1. HP: 13/13 MP: 3/3
   309 | D:1      | Gained mutation: You have a pair of small antennae on your
                  | head. [demonic ancestry]
   309 | D:1      | Reached XP level 2. HP: 19/19 MP: 3/5
  1141 | D:2      | Reached skill level 5 in Necromancy
  1465 | D:2      | Gained mutation: You may rarely emit foul miasma when
                  | damaged in melee. [demonic ancestry]
  1465 | D:2      | Reached XP level 3. HP: 24/24 MP: 3/6
  1543 | D:2      | Learned a level 3 spell: Vampiric Draining
  1966 | D:3      | Found a faded altar of an unknown god.
  1993 | D:3      | Reached XP level 4. HP: 23/30 MP: 2/7
  2107 | D:3      | Noticed Jessica
  2112 | D:3      | Killed Jessica
  2116 | D:3      | Reached skill level 6 in Necromancy
  2186 | D:3      | Reached XP level 5. HP: 35/35 MP: 2/8
  2550 | D:3      | Found a sparkling altar of Nemelex Xobeh.
  2809 | D:4      | Reached skill level 7 in Necromancy
  2809 | D:4      | Gained mutation: A meltable shield of frost defends you.
                  | (SH +0) [demonic ancestry]
  2809 | D:4      | Reached XP level 6. HP: 34/41 MP: 0/9
  3006 | D:4      | Noticed Natasha
  3011 | D:4      | Killed Natasha
  3170 | D:4      | Noticed Natasha
  3172 | D:4      | HP: 2/41 [orc priest/divine providence (16)]
  3175 | D:4      | Killed from afar by Natasha

Illustrated notes

Levels and vault maps discovered:
D:1:      dreamdust_arrival_beginning_and_end, layout_basic
D:2:      layout_loops_ring
D:3:      layout_rooms, mainiacjoe_overflow_alcove_4,
          nicolae_ecumenical_lake_church, serial_undead, serial_undead_c,
          serial_undead_c, serial_undead_e, serial_undead_b, minmay_between,
          uniq_jessica
D:4:      layout_loops_ring, minmay_misc_feat_tower, minmay_shop_grid_forest,
          serial_bayou_ford_a, uniq_natasha

Skill      XL: |  1  2  3  4  5 |
---------------+----------------+-----
Dodging        | 2 3 |  3.9
Stealth        | 2 |  2.0
Necromancy     | 5 6 7 |  7.6
Spellcasting   | |  2.0

Action                     |  1- 3 |  4- 6 || total
---------------------------+-------+-------++-------
  Melee: Unarmed           |     9 |       ||     9
         Dagger            |    67 |    77 ||   144
   Cast: Necrotise         |    32 |    41 ||    73
         Vampiric Draining |     1 |     5 ||     6
   Stab: Sleeping          |     3 |     4 ||     7
 Armour: Robe              |    27 |       ||    27
         Leather armour    |    34 |    48 ||    82
  Dodge: Dodged            |    54 |    53 ||   107
  Block: Other             |       |     2 ||     2

Table legend: (Time is in decaauts)
 A = Elapsed time spent in this place.
 B = Non-inter-level travel time spent in this place.
 C = Inter-level travel time spent in this place.
 D = Time resting spent in this place.
 E = Time spent auto-exploring this place.
 F = Levels seen in this place.
 G = Mean time per level.
                   A        B        C        D        E       F      G
               +--------+--------+--------+--------+--------+-----+--------+
         Total |   3178 |   3100 |     78 |     84 |   2304 |   4 |  794.5 |
       Dungeon |   3178 |   3100 |     78 |     84 |   2304 |   4 |  794.5 |
               +--------+--------+--------+--------+--------+-----+--------+

Top non-repeatable levels by time:
     D:1: 1102 daAuts
     D:2: 839 daAuts
     D:3: 743 daAuts
     D:4: 493 daAuts
